 Dungeon Crawl Stone Soup version 0.28-a0-723-g095bd1b44f (webtiles) character file.

Game seed: 137320058003992955

11172 flotson the Fighter (level 11, 0/87 HPs)
             Began as a Demonspawn Delver on Oct 26, 2021.
             Was an Initiate of Gozag.
             Slain by a wolf spider (15 damage)
             ... in a Gauntlet.
             The game lasted 00:37:53 (15723 turns).

flotson the Fighter (Demonspawn Delver)            Turns: 15723, Time: 00:37:55

Health: 0/87       AC:  0    Str: 17    XL:     11   Next: 45%
Magic:  11/11      EV: 14    Int: 12    God:    Gozag
Gold:   2509       SH:  0    Dex: 15    Spells: 10/10 levels left

rFire   . . .      SeeInvis .   b - +5 scythe "Finisher" {speed, eviscerate}
rCold   + . .      Faith    .   (shield currently unavailable)
rNeg    + + .      Spirit   .   T - +2 ring mail {rPois}
rPois   +          Reflect  .   (helmet restricted)
rElec   .          Harm     .   F - +2 cloak
rCorr   .          Rampage  .   u - +0 pair of gloves
Will    +....      NoTele   +   i - +2 pair of boots
Stlth   ++........              x - amulet of regeneration
HPRegen 1.24/turn               H - ring of Bessed {*Corrode Fly rC+ rN++ Str+2}
MPRegen 0.12/turn               Q - ring of willpower

@: mighty, corroded, gold aura, flying, hasted, very quick
A: antennae 2, hooves 1, demonic guardian 2, powered by pain 2
a: Renounce Religion, Potion Petition, Call Merchant, Bribe Branch


You were in a Gauntlet.
You worshipped Gozag.
Gozag was most pleased with you.
You visited 3 branches of the dungeon, and saw 12 of its levels.
You also visited: Bailey and Gauntlet.

You collected 2593 gold pieces.
You paid 84 gold pieces to Gozag.

Inventory:

Hand Weapons
 a - the +10 mace "Transmigrator" {pain, Will++}
   (You found it on level 6 of the Dungeon)

   In the hands of one skilled in necromantic magic, it inflicts extra damage on
   living creatures.
   Will:      It greatly increases your willpower.
 b - the +5 scythe "Finisher" (weapon) {speed, eviscerate}
   (You found it in a Gauntlet)

   Attacks with this weapon are significantly faster.
   It may eviscerate those it strikes, slaying them instantly, with a decreasing
   chance against stronger foes.
 z - a +5 vorpal spear
 G - a +2 quarterstaff of chaos
 N - a +0 hand crossbow
Missiles
 v - 2 javelins
 B - 5 curare-tipped darts
 E - 3 throwing nets
 I - 43 boomerangs
 L - 95 poisoned darts (quivered)
 M - 20 bolts
Armour
 i - a +2 pair of boots (worn)
 u - a +0 pair of gloves (worn)
 F - a +2 cloak (worn)
 O - the +1 scale mail of Calculation {Harm rC+++ Int-3 Dex+4}
   (You found it on level 7 of the Dungeon)

   Int:       It affects your intelligence (-3).
   Dex:       It affects your dexterity (+4).
   rC:        It renders you almost immune to cold.
   Harm:      It increases damage dealt and taken.
 T - a +2 ring mail of poison resistance (worn)
 U - a +0 buckler
Jewellery
 x - an amulet of regeneration (around neck)
 H - the ring of Bessed (left hand) {*Corrode Fly rC+ rN++ Str+2}
   (You found it in a bailey)

   [ring of flight]

   Str:       It affects your strength (+2).
   rC:        It protects you from cold.
   rN:        It greatly protects you from negative energy.
   Fly:       It grants you flight.
   *Corrode:  It may corrode you when you take damage.
 Q - a ring of willpower (right hand)
 W - an amulet of guardian spirit
Wands
 g - a wand of digging (11)
 h - a wand of charming (5)
 j - a wand of polymorph (9)
 A - a wand of flame (13)
 V - a wand of acid (13)
Scrolls
 c - a scroll of fog
 e - a scroll of enchant weapon {unknown}
 m - 5 scrolls of amnesia {unknown}
 n - 5 scrolls of teleportation {unknown}
 p - 3 scrolls of fear
 t - a scroll of magic mapping
 w - a scroll of brand weapon {unknown}
 y - a scroll of summoning {unknown}
 C - 3 scrolls of noise {unknown}
 D - a scroll of silence {unknown}
 K - a scroll of vulnerability {unknown}
 P - 2 scrolls of torment {unknown}
 R - a scroll of holy word {unknown}
Potions
 d - a potion of heal wounds
 f - 10 potions of curing
 k - a potion of invisibility {unknown}
 o - 2 potions of berserk rage
 q - a potion of attraction
 r - 2 potions of lignification
 s - a potion of might
 J - a potion of cancellation
 S - 2 potions of resistance


   Skills:
 + Level 8.6 Fighting
 - Level 1.2 Short Blades
 + Level 5.5 Axes
 + Level 6.8 Throwing
 + Level 7.2 Armour
 + Level 7.4 Dodging
 - Level 4.5 Stealth
 + Level 2.6 Shields
 + Level 6.6 Evocations


You had 10 spell levels left.
You didn't know any spells.
Your spell library contained the following spells:

 Spells                   Type           Power      Damage    Failure   Level
 Blink                    Tloc           0%         N/A       63%         2
 Ozocubu's Armour         Ice            0%         N/A       86%         3
 Manifold Assault         Tloc           0%         N/A       100%        5
 Summon Forest            Summ/Tloc      0%         N/A       100%        5
 Eringya's Noxious Bog    Tmut/Pois      0%         N/A       100%        6
 Ozocubu's Refrigeration  Ice            0%         4d5       100%        7
 Storm Form               Tmut/Air       0%         N/A       100%        7
 Summon Hydra             Summ           0%         N/A       100%        7


Dungeon Overview and Level Annotations

Branches:
Dungeon (10/15)            Temple (1/1) D:5            Lair (1/6) D:10
 Bailey (visited)         Gauntlet (1/1)
    Orc: D:9-12

Altars:
Ashenzari
Cheibriados
Elyvilon
Gozag
Hepliaklqana
Kikubaaqudgha
Makhleb
Nemelex Xobeh
Okawaru
Ru
Sif Muna
Trog
Uskayaw
Vehumet
Wu Jian
Yredelemnul
Zin
The Shining One

Annotations:
D:6 3 runed translucent doors, bjtr's ghost, amateur DsCj Gauntlet 11 transporters, 4 runed translucent doors


Innate Abilities, Weirdness & Mutations

You have a pair of antennae on your head.
You have large cloven feet.
A demonic guardian rushes to your aid.
You sometimes gain power by taking damage.


Message History

The entropy weaver hits you!
* * * LOW HITPOINT WARNING * * *
The entropy weaver hits you.
* * * LOW HITPOINT WARNING * * *
The entropy weaver hits you but does no damage.
You feel much better. The entropy weaver misses you.
The entropy weaver hits you.
The entropy weaver hits you but does no damage. x2
Aiming: Corrosive Bolt
Press: ? - help, Shift-Dir - straight line, f/p - entropy weaver
Aim: an entropy weaver (moderately wounded, covered in acid, ally target, 64% to hit)
The bolt of acid hits the entropy weaver!!
The entropy weaver seems to be corroded for longer.
The entropy weaver is heavily wounded.
Aiming: Corrosive Bolt
Press: ? - help, Shift-Dir - straight line, f - wolf spider, p - entropy weaver
Aim: a wolf spider (moderately wounded, 74% to hit)
The bolt of acid hits the entropy weaver!!
The entropy weaver seems to be corroded for longer.
The entropy weaver is almost dead.
The bolt of acid hits the wolf spider!!
The wolf spider is heavily wounded.
The entropy weaver casts a spell at you.
The entropic weave corrodes you!
You see here 8 gold pieces.
Aiming: Corrosive Bolt
Press: ? - help, Shift-Dir - straight line, f/p - wolf spider
Aim: a wolf spider (heavily wounded, 74% to hit)
The bolt of acid misses the entropy weaver.
The bolt of acid hits the wolf spider!!
The acid corrodes the wolf spider!
The wolf spider is almost dead.
The entropy weaver points at you and mumbles some strange words.
The entropic weave corrodes you!
You slash the entropy weaver!
The entropy weaver is almost dead.
The wolf spider hits you!
* * * LOW HITPOINT WARNING * * *
The wolf spider bites you!
You die...
Your body crumbles into a pile of gold.

.#############################..§
...#.©.........©.........©.#...##
...#...........©...........#...≈#
#..#########################..###
§......§..#.........#........§§#
##....§...#.#.#...#.#........###
#≈#≈#≈#..#...###...#..#≈#≈#≈#
#######§.#.#4.s###.#..#######
#≈..#.#.#B@.#.#..§#
#######..#...###...#..#######
#≈#≈#≈#..#.#...###.#..#≈#≈#§#
##........#.#.#...#s#........###
≈.........#..?[©(...#.........≈#
#..#########################..###
...#...........©...........#...≈#
...#.©.........©.........©.#...##
.#############################..≈


You could see an entropy weaver (corroded), a wolf spider (corroded, ally
target) and a friendly orange demon (summoned).

Vanquished Creatures
  A catoblepas (Gauntlet)
  A two-headed ogre (D:9)
  Pikel (D:7)
  2 orc knights (Bailey)
  Maurice (D:8)
  2 gargoyles (Gauntlet)
  Psyche (D:9)
  A jumping spider (Gauntlet)
  2 hornets
  Prince Ribbit (D:8)
  Sigmund (D:4)
  A shadow (D:9)
  4 yaks (D:10)
  A wyvern (D:10)
  2 wraiths (D:10)
  Eustachio (D:6)
  Grum (D:8)
  3 vampire mosquitoes (D:10)
  Menkaure (D:6)
  2 acid dragons
  Duvessa (D:6)
  11 orc warriors
  2 ice beasts
  3 sky beasts
  A black bear (D:5)
  3 wolves
  3 ogres
  3 centaurs
  A phantom (D:7)
  2 kobold brigands
  A gnoll sergeant (D:9)
  A bullfrog (D:9)
  A scorpion (D:6)
  Dowan (D:6)
  2 howler monkeys
  An electric eel (D:10)
  A crimson imp (D:5)
  A bullfrog zombie (D:6)
  2 hounds
  A centaur skeleton (D:7)
  2 gnoll shamans
  Crazy Yiuf (D:6)
  4 orc priests
  Ijyb (D:4)
  Terence (D:2)
  An orc wizard (D:4)
  3 iguanas
  A killer bee zombie (D:9)
  A hound zombie (D:5)
  A hound skeleton (D:4)
  11 gnolls
  A howler monkey skeleton (D:6)
  9 adders
  A shadow imp (D:5)
  2 white imps
  A worm (D:5)
  An adder skeleton (D:2)
  A dart slug (D:3)
  18 orcs
  2 endoplasms
  3 giant cockroaches
  5 goblins
  5 hobgoblins
  26 kobolds
  2 quokkas
  6 ball pythons
  6 bats
  5 frilled lizards
  A goblin skeleton (D:5)
  A goblin zombie (D:5)
  2 hobgoblin zombies (D:5)
  2 orc skeletons (D:5)
  An orc zombie (D:5)
  6 rats
206 creatures vanquished.

Vanquished Creatures (collateral kills)
  A centaur zombie (D:10)
  A yak (D:10)
  A wolf (D:7)
  A bullfrog (D:9)
  A kobold brigand (D:8)
  2 orcs
  2 kobolds
9 creatures vanquished.

Vanquished Creatures (others)
  A kobold (D:5)
  A fungus (D:6)
2 creatures vanquished.

Grand Total: 217 creatures vanquished

Notes
Turn   | Place    | Note
-------+----------+-------------------------------------------
     0 | D:5      | flotson the Demonspawn Delver began the quest for the Orb.
     0 | D:5      | Reached XP level 1. HP: 18/18 MP: 1/1
    19 | D:5      | Noticed an iguana
   130 | D:5      | Noticed an iguana
   484 | D:4      | Noticed Ijyb
   617 | D:4      | Identified the +1 falchion of Mourning {drain, rElec Str+3
                  | Dex+2}
   712 | D:4      | Reached skill level 1 in Armour
   712 | D:4      | Discovered your monstrous ancestry.
   712 | D:4      | Gained mutation: You have a pair of small antennae on your
                  | head. [demonic ancestry]
   712 | D:4      | Reached XP level 2. HP: 20/24 MP: 2/2
   778 | D:4      | Noticed Sigmund
   859 | D:4      | Reached XP level 3. HP: 28/29 MP: 3/3
  1166 | D:3      | Reached XP level 4. HP: 35/37 MP: 4/4
  1660 | D:1      | Reached skill level 1 in Throwing
  1725 | D:1      | Reached skill level 4 in Fighting
  1882 | D:2      | Gained mutation: You sometimes gain a little power by
                  | taking damage. [demonic ancestry]
  1882 | D:2      | Reached XP level 5. HP: 42/42 MP: 5/5
  2233 | D:2      | Found a hide-covered altar of Uskayaw.
  2249 | D:2      | Noticed Terence
  2253 | D:2      | Killed Terence
  2488 | D:3      | Noticed an ogre
  2495 | D:3      | Killed an ogre
  2496 | D:3      | Gained mutation: A weak demonic guardian rushes to your
                  | aid. [demonic ancestry]
  2496 | D:3      | Reached XP level 6. HP: 49/49 MP: 6/6
  3792 | D:2      | Found a hide-covered altar of Uskayaw.
  4274 | D:4      | Noticed an angel
  4436 | D:4      | Killed Sigmund
  4437 | D:4      | Reached XP level 7. HP: 21/55 MP: 7/7
  4449 | D:4      | Killed Ijyb
  5467 | D:5      | Found a staircase to the Ecumenical Temple.
  5476 | Temple   | Entered the Ecumenical Temple
  5648 | Temple   | Became a worshipper of Gozag Ym Sagoz the Greedy
  5717 | D:5      | Reached skill level 5 in Fighting
  5847 | D:5      | Reached skill level 1 in Evocations
  6279 | D:5      | Gained mutation: You have a pair of antennae on your head.
                  | [demonic ancestry]
  6279 | D:5      | Reached XP level 8. HP: 63/63 MP: 8/8
  6309 | D:5      | Noticed a hornet
  6315 | D:5      | Killed a hornet
  6394 | D:5      | Found a snail-covered altar of Cheibriados.
  6640 | D:6      | Noticed Dowan
  6649 | D:6      | Killed Dowan
  6680 | D:6      | Noticed Duvessa
  6700 | D:6      | Killed Duvessa
  6903 | D:6      | Reached skill level 5 in Dodging
  7094 | D:6      | Identified the +7 short sword of Integrity {speed, Will++
                  | Str+2 Dex+3}
  7154 | D:6      | Reached skill level 6 in Fighting
  7256 | D:6      | Found an iron altar of Okawaru.
  7284 | D:6      | Reached skill level 1 in Short Blades
  7555 | D:6      | Found an ancient bone altar of Kikubaaqudgha.
  7584 | D:6      | Found a runed translucent gate.
  7586 | D:6      | Found a runed translucent gate.
  7587 | D:6      | Found a runed translucent gate.
  7588 | D:6      | Noticed bjtr's ghost (amateur DsCj)
  7654 | D:6      | Identified the +10 mace "Transmigrator" {pain, Will++}
  7751 | D:6      | Noticed Eustachio
  7759 | D:6      | Killed Eustachio
  7998 | D:6      | Gained mutation: You sometimes gain power by taking damage.
                  | [demonic ancestry]
  7998 | D:6      | Reached XP level 9. HP: 47/70 MP: 9/9
  8212 | D:6      | Found a runed translucent door.
  8213 | D:6      | Noticed Crazy Yiuf
  8214 | D:6      | Noticed Menkaure
  8230 | D:6      | Killed Crazy Yiuf
  8236 | D:6      | Killed Menkaure
  8486 | D:7      | Noticed Pikel
  8491 | D:7      | Killed Pikel
  8492 | D:7      | Reached skill level 5 in Armour
  8529 | D:7      | Found a flagged portal.
  8541 | Bailey   | Entered a bailey
  8549 | Bailey   | Noticed an orc knight
  8553 | Bailey   | Identified the ring of Bessed {*Corrode Fly rC+ rN++ Str+2}
  8846 | Bailey   | Noticed an orc knight
  8875 | Bailey   | Reached skill level 5 in Throwing
  9031 | Bailey   | Killed an orc knight
  9032 | Bailey   | Reached skill level 7 in Fighting
  9637 | Bailey   | Killed an orc knight
  9638 | Bailey   | Reached skill level 5 in Evocations
  9638 | Bailey   | Gained mutation: You have large cloven feet. [demonic
                  | ancestry]
  9638 | Bailey   | Reached XP level 10. HP: 24/79 MP: 10/10
 10264 | D:7      | Identified the +1 scale mail of Calculation {Harm rC+++
                  | Int-3 Dex+4}
 11157 | D:8      | Noticed Maurice
 11172 | D:8      | Killed Maurice
 11427 | D:8      | Noticed Grum
 11898 | D:8      | Killed Grum
 12575 | D:8      | Noticed Prince Ribbit
 12588 | D:8      | Killed Prince Ribbit
 12923 | D:9      | Noticed Psyche
 12925 | D:9      | Noticed a two-headed ogre
 13061 | D:9      | Reached skill level 8 in Fighting
 13186 | D:9      | Killed Psyche
 13747 | D:9      | Killed a two-headed ogre
 13748 | D:9      | Reached skill level 1 in Shields
 13829 | D:10     | Entered Level 10 of the Dungeon
 13922 | D:10     | Reached skill level 5 in Axes
 13922 | D:10     | Gained mutation: A demonic guardian rushes to your aid.
                  | [demonic ancestry]
 13922 | D:10     | Reached XP level 11. HP: 66/86 MP: 11/11
 14539 | D:9      | Paralysed by a hornet for 3 turns
 15067 | D:10     | Found a staircase to the Lair.
 15490 | Lair:1   | Entered Level 1 of the Lair of Beasts
 15503 | Lair:1   | Found a gate leading to a gauntlet.
 15512 | Gauntlet | Entered a Gauntlet
 15512 | Gauntlet | Noticed a catoblepas
 15512 | Gauntlet | Found a transporter.
 15512 | Gauntlet | Found a transporter.
 15518 | Gauntlet | Found a transporter.
 15533 | Gauntlet | Found a transporter.
 15547 | Gauntlet | Noticed an entropy weaver
 15549 | Gauntlet | Found a transporter.
 15549 | Gauntlet | Found a transporter.
 15549 | Gauntlet | Found a transporter.
 15552 | Gauntlet | Found a transporter.
 15552 | Gauntlet | Found a transporter.
 15552 | Gauntlet | Noticed a wolf spider
 15553 | Gauntlet | Noticed a ghost crab
 15560 | Gauntlet | Found a runed translucent door.
 15562 | Gauntlet | Found a runed translucent door.
 15564 | Gauntlet | Found a transporter.
 15581 | Gauntlet | Noticed a death scarab
 15582 | Gauntlet | Found a transporter.
 15584 | Gauntlet | Noticed a death scarab
 15589 | Gauntlet | Noticed a fire crab
 15590 | Gauntlet | Found a runed translucent door.
 15592 | Gauntlet | Found a transporter.
 15594 | Gauntlet | Found a runed translucent door.
 15607 | Gauntlet | Found a transporter.
 15627 | Gauntlet | Found a transporter.
 15627 | Gauntlet | Found the +5 scythe "Finisher" {speed, eviscerate}
 15674 | Gauntlet | Killed a catoblepas
 15717 | Gauntlet | HP: 2/87 [entropy weaver (9)]
 15723 | Gauntlet | Slain by a wolf spider

Illustrated notes

Levels and vault maps discovered:
D:1:      nagdon_arrival_double_spiral, layout_rooms
D:2:      layout_loops_cross, basic_altar, uniq_terence
D:3:      layout_basic, hangedman_decor_peaks_small, st_stairs_2
D:4:      layout_basic, zin_angel, uniq_ijyb, uniq_sigmund
D:5:      layout_cave_pools, cheibrodos_worm_habitat,
          nicolae_tso_besieged_by_evil, temple_hall, kb_lookout_dungeons_type,
          mrwooster_statue_mirror, minmay_misc_feat_square
D:6:      layout_loops_ring, mainiacjoe_overflow_catwalk_spiral,
          gammafunk_ghost_nasty_kobolds, uniq_duvessa, uniq_eustachio,
          uniq_crazy_yiuf_cottage, uniq_menkaure
D:7:      layout_cave_pods, enter_bailey_2, corexii_item_surrounded_by_moat,
          uniq_pikel
D:8:      layout_basic, uniq_grum, uniq_maurice, uniq_prince_ribbit1
D:9:      layout_basic, uniq_psyche
D:10:     layout_basic, lair_entry_dummy
Temple:   minmay_crystal_spiral_temple
Lair:1:   layout_regular_city, gauntlet_entry_generic, ebering_ghost_xom
Gauntlet: gammafunk_gauntlet_mixed_choke_point
          [minmay_gauntlet_arena_77_hold_the_fort,
          minmay_gauntlet_arena_77_two_lines,
          minmay_gauntlet_arena_77_chump_sandwich,
          nicolae_gauntlet_arena_grate_2, minmay_gauntlet_arena_77_shame_cube,
          minmay_gauntlet_arena_77_terracotta_army,
          minmay_gauntlet_arena_77_cramped, gauntlet_exit_hidden_loot]

Skill      XL: |  1  2  3  4  5  6  7  8  9 10 11 |
---------------+----------------------------------+-----
Armour         | 1 2 3 4 5 6 7 |  7.2
Dodging        | 2 3 4 5 6 7 |  7.4
Throwing       | 1 2 3 4 5 6 |  6.8
Fighting       | 4 5 6 7 8 |  8.6
Evocations     | 2 3 5 6 |  6.6
Short Blades   | 1 |  1.2
Axes           | 2 3 5 |  5.5
Shields        | 1 2 |  2.6
Stealth        | |  4.5

Action                   |  1- 3 |  4- 6 |  7- 9 | 10-12 || total
-------------------------+-------+-------+-------+-------++-------
Melee: Hand axe          |   115 |       |       |       ||   115
       Falchion          |    40 |   134 |   136 |       ||   310
       Short sword       |       |       |    44 |       ||    44
       Mace              |       |       |   107 |   250 ||   357
       Scythe            |       |       |       |     8 ||     8
 Fire: Hand crossbow     |       |       |       |     7 ||     7
Throw: Dart              |       |    11 |    24 |    19 ||    54
       Javelin           |       |       |     9 |     6 ||    15
       Boomerang         |       |       |    39 |    14 ||    53
Evoke: Wand              |       |       |     9 |    21 ||    30
  Use: Scroll            |     2 |       |     1 |     8 ||    11
       Potion            |     1 |       |       |     4 ||     5
 Stab: Sleeping          |     1 |     8 |     2 |     4 ||    15
       Distracted        |       |       |     3 |       ||     3
       Paralysed         |       |       |       |    10 ||    10
Armor: Ring mail         |    29 |    60 |    98 |   113 ||   300
       Scale mail        |       |       |       |    56 ||    56
Dodge: Dodged            |    33 |    69 |   177 |   252 ||   531
Block: Buckler           |       |       |       |    29 ||    29

Table legend: (Time is in decaauts)
 A = Elapsed time spent in this place.
 B = Non-inter-level travel time spent in this place.
 C = Inter-level travel time spent in this place.
 D = Time resting spent in this place.
 E = Time spent auto-exploring this place.
 F = Levels seen in this place.
 G = Mean time per level.
                   A        B        C        D        E       F      G
               +--------+--------+--------+--------+--------+-----+--------+
         Total |  15913 |  15267 |    646 |    304 |  11861 |  14 | 1136.6 |
       Dungeon |  14040 |  13453 |    587 |    147 |  10758 |  10 | 1404.0 |
        Temple |    232 |    173 |     59 |      0 |    154 |   1 |  232.0 |
          Lair |     21 |     21 |      0 |      0 |      0 |   1 |   21.0 |
        Bailey |   1407 |   1407 |      0 |    157 |    820 |   1 | 1407.0 |
      Gauntlet |    212 |    212 |      0 |      0 |    129 |   1 |  212.0 |
               +--------+--------+--------+--------+--------+-----+--------+

Top non-repeatable levels by time:
     D:4: 2340 daAuts
     D:6: 1896 daAuts
     D:7: 1543 daAuts
     D:8: 1409 daAuts
  Bailey: 1407 daAuts
    D:10: 1376 daAuts
     D:9: 1348 daAuts
     D:3: 1328 daAuts
     D:5: 1175 daAuts
     D:2: 1119 daAuts
     D:1: 502 daAuts
  Temple: 232 daAuts
Gauntlet: 212 daAuts
  Lair:1: 21 daAuts
